 Dungeon Crawl Stone Soup version 0.30-a0-924-g0ad0bf95bc (webtiles) character file.

Game seed: 17692677878137297436

130776 Indoburn the Eclecticist (level 17, -3/130 HPs)
             Began as a Djinni Conjurer on Mar 23, 2023.
             Was the Champion of Makhleb.
             Slain by a culicivora (19 damage)
             ... summoned by a broodmother
             ... on level 1 of the Spider Nest.
             The game lasted 00:59:36 (21095 turns).

Indoburn the Eclecticist (Djinni Conjurer)         Turns: 21095, Time: 00:59:37

Health: -3/130     AC: 14    Str:  6    XL:     17   Next: 65%
Gold:   2694       EV: 12    Int: 28    God:    Makhleb [******] SH:  0 Dex: 12

rFire   + + +      SeeInvis .    s - +6 flail of Regicide {holy, rN+++ Will++}
rCold   + + .      Faith    .    P - +4 tower shield {rC+}
rNeg    + + +      Spirit   .    M - +4 troll leather armour
rPois   ∞          Reflect  .    I - +2 hat
rElec   +          Rampage  .    a - scarf of the Gloaming {shadows, rElec rF+ rC+ Will-}
rCorr   .                        E - +2 pair of gloves "Vyabaf" {rF+}
Will    ++...                    (boots unavailable)
Stlth   +                        k - amulet of the acrobat
HPRegen 1.21/turn                b - ring of wizardry
MPRegen 0.00/turn                O - ring of ice

@: confused, flying
A: sickness immunity, fire resistance 2, cold vulnerability 1, float, innate
caster, HP casting, extra vitality 1
a: Renounce Religion, Minor Destruction, Lesser Servant of Makhleb, Major
Destruction, Greater Servant of Makhleb


You were on level 1 of the Spider Nest.
You worshipped Makhleb.
Makhleb was exalted by your worship.
You visited 4 branches of the dungeon, and saw 23 of its levels.
You also visited: Sewer and Ice Cave.

You collected 3340 gold pieces.
You spent 646 gold pieces at shops.

Inventory:

Hand Weapons
 s - the +6 flail of Regicide (weapon) {holy, rN+++ Will++}
   (You found it on level 2 of the Lair of Beasts)

   rN:        It renders you almost immune to negative energy.
   Will:      It greatly increases your willpower.
 U - the +6 short sword "Liblob" {flame, rElec Will+ Dex+4}
   (You found it on level 3 of the Lair of Beasts)

   Dex:       It affects your dexterity (+4).
   rElec:     It insulates you from electricity.
   Will:      It increases your willpower.
Missiles
 C - a throwing net
Armour
 a - the scarf of the Gloaming (worn) {shadows, rElec rF+ rC+ Will-}
   (You acquired it on level 3 of the Lair of Beasts)

   rF:        It protects you from fire.
   rC:        It protects you from cold.
   rElec:     It insulates you from electricity.
   Will:      It decreases your willpower.
 c - the +0 pair of gloves of the Aged Friends {rPois rF- rC+ Slay+5}
   (You found it on level 15 of the Dungeon)

   Slay:      It affects your accuracy & damage with ranged weapons and melee
   (+5).
   rF:        It makes you vulnerable to fire.
   rC:        It protects you from cold.
   rPois:     It protects you from poison.
 E - the +2 pair of gloves "Vyabaf" (worn) {rF+}
   (You found it on level 10 of the Dungeon)

   rF:        It protects you from fire.
 I - a +2 hat (worn)
 M - a +4 troll leather armour (worn)
 P - a +4 tower shield of cold resistance (worn)
Jewellery
 b - a ring of wizardry (left hand)
 k - an amulet of the acrobat (around neck)
 v - a ring of fire
 G - a +6 ring of strength
 L - a ring of wizardry
 O - a ring of ice (right hand)
Wands
 h - a wand of flame (37)
 i - a wand of digging (5)
 o - a wand of paralysis (13)
 u - a wand of mindburst (6)
 K - a wand of iceblast (27)
 T - a wand of quicksilver (17)
Scrolls
 f - 10 scrolls of teleportation
 m - 2 scrolls of magic mapping
 p - 3 scrolls of silence
 q - 4 scrolls of brand weapon
 r - 4 scrolls of poison
 t - 6 scrolls of fear
 w - a scroll of fog
 y - 4 scrolls of summoning
 B - a scroll of enchant armour
 D - 5 scrolls of blinking
 H - 4 scrolls of enchant weapon
Potions
 d - 3 potions of cancellation
 e - 4 potions of might
 g - 9 potions of curing
 j - 10 potions of heal wounds
 l - 2 potions of mutation
 n - 2 potions of ambrosia
 x - a potion of resistance
 z - 3 potions of lignification
 F - 3 potions of invisibility
 N - 2 potions of haste
 R - a potion of brilliance
 S - a potion of berserk rage
Miscellaneous
 A - a tin of tremorstones (2/2)
 J - a phial of floods
 Q - a box of beasts


   Skills:
 + Level 14.3 Fighting
 - Level 4.5 Armour
 - Level 9.4 Dodging
 - Level 1.5 Stealth
 - Level 10.7 Shields
 - Level 18.0 Spellcasting


You knew the following spells:

 Your Spells              Type           Power      Damage    Failure   Level
a - Magic Dart            Conj           100%       1d8       0%          1
b - Searing Ray           Conj           100%       2d8       0%          2
c - Dazzling Flash        Conj/Hex       100%       N/A       1%          3
d - Fulminant Prism       Conj/Hex       45%        3d21      1%          4
e - Iskenderun's Mystic   Conj/Tloc      90%        2d18      1%          4
f - Foxfire               Conj/Fire      100%       2x1d9     0%          1
g - Ensorcelled Hibernat  Hex/Ice        100%       N/A       0%          2
h - Ozocubu's Armour      Ice            100%       N/A       1%          3
i - Mephitic Cloud        Conj/Pois/Air  90%        N/A       1%          3
j - Animate Armour        Summ/Erth      100%       N/A       1%          4
k - Lee's Rapid Deconstr  Erth           45%        3d22*     1%          5
l - Statue Form           Tmut/Erth      60%        N/A       1%          6
m - Simulacrum            Ice/Necr       56%        N/A       1%          6
Your spell library was empty.

Dungeon Overview and Level Annotations

Branches:
Dungeon (15/15)            Temple (0/1) D:5            Lair (5/5) D:11
 Shoals (0/4) Lair:2       Spider (1/4) Lair:3        Slime (0/5) Lair:5
    Orc (2/2) D:9             Elf (0/3) Orc:2        Vaults (0/5) D:13
 Depths (0/4) D:15          Sewer (visited)           IceCv (visited)

Altars:
Cheibriados
Elyvilon
Fedhas
Gozag
Hepliaklqana
Makhleb
Okawaru
Qazlal
Ru
Trog
Uskayaw
Xom
Jiyva

Shops:
D:1 [(!   D:2 (   D:9 ((   Orc:2 :*[[

Portals:
Trove: D:12 (give 6 potions of haste)

Annotations:
D:15 1 runed translucent door


Innate Abilities, Weirdness & Mutations

You are immune to sickness and miasma.
You are immune to poison.
Your flesh is very heat resistant. (rF++)
You are vulnerable to cold. (rC-)
You float through the air rather than walking.
You learn spells naturally, not from books.
Your magical power is your life essence.
You have superior vitality. (+4 MHP)


Message History

You're too confused to move!
The tarantella touches you but does no damage. x2
The broodmother summons spiders!
The tarantella touches you but does no damage.
The tarantella closely misses you.
You're too confused to cast spells.
Unknown command.
You're too confused to cast spells.
Unknown command.
You're too confused to move!
The tarantella touches you! The tarantella closely misses you.
The broodmother bites you!!
A spider bursts forth from the wound!
Unknown command.
You sock the tarantella!
The tarantella is heavily wounded.
The tarantella completely misses you. The jumping spider pounces on you!
The jumping spider barely misses you. The culicivora bites you!
The tarantella touches you! The tarantella barely misses you.
The broodmother closely misses you. The jumping spider pounces on you!
* * * LOW HITPOINT WARNING * * *
The jumping spider closely misses you.
The culicivora bites you but does no damage.
The tarantella touches you but does no damage.
The tarantella touches you.
* * * LOW HITPOINT WARNING * * *
The jumping spider pounces on you but does no damage.
The jumping spider closely misses you.
You closely miss the tarantella.
The tarantella is almost dead.
The tarantella touches you but does no damage.
The tarantella touches you.
* * * LOW HITPOINT WARNING * * *
The jumping spider pounces on you but does no damage.
The jumping spider bites you.
* * * LOW HITPOINT WARNING * * *
The tarantella touches you but does no damage.
The tarantella touches you!
* * * LOW HITPOINT WARNING * * *
The jumping spider closely misses you. x2; The culicivora bites you!!
You die...

## ... #.# .. ## #.#..
.## #s#. ..## #..
#?#.# ##s#ss!# # #####
##s#s#$.# ## #...#
#.#sss..# #. ####..###
##.s@s/## ####.
##.......###.#.s###
#^...
#...#....#..#...#.##
###.†..
##...#...#.........##
#^...##
##.....#^#...##....#.#
##..###
....####.....###.....#
#..^.# .....# ###.###
##.[#.# #^.... ...###
#.# ##..## ##^... ####
### #### ####.


You could see 2 broodmothers, a wolf spider, an orb spider (summoned), a
culicivora (summoned), a jumping spider (summoned), 4 tarantellas and a redback
(summoned).

Vanquished Creatures
  Jorgrun (D:13)
  A lich (D:15)
  Agnes (D:14)
  A tengu reaver (D:15)
  An emperor scorpion (Spider:1)
  A frost giant (IceCv)
  A ghost moth (Spider:1)
  2 broodmothers (Spider:1)
  The ghost of Jumeycle the Earth Mage, a journeyman GrEE of Vehumet (D:15)
  Snorg (D:13)
  The ghost of Raruif the Markskobold, a journeyman KoHu of Okawaru (Orc:1)
  9 hydras
  2 jorogumos (Spider:1)
  6 ogre magi
  Erica (D:8)
  An anaconda (Lair:5)
  17 two-headed ogres
  2 boulder beetles
  5 centaur warriors
  A catoblepas (Lair:4)
  2 tengu warriors
  13 death yaks
  Sonja (Lair:1)
  Lodul (D:13)
  2 pharaoh ants (Spider:1)
  7 skeletal warriors
  A golden dragon zombie (D:15)
  A flayed ghost (D:15)
  3 necromancers (D:15)
  An orb spider (Spider:1)
  2 orc knights
  A deep elf pyromancer (D:13)
  A phantasmal warrior (D:15)
  5 wolf spiders (Spider:1)
  14 ugly things
  7 cyclopes
  An orc sorcerer (Orc:2)
  3 manticores
  6 elephants (Lair:4)
  A sphinx skeleton (D:15)
  An ice statue (IceCv)
  Maurice (Orc:1)
  5 black mambas
  3 torpor snails
  2 demonic crawlers
  A molten gargoyle (D:15)
  A gargoyle (D:13)
  3 centaur skeletons (D:13)
  Maggie (Lair:1)
  6 rime drakes
  9 cane toads
  A kobold demonologist (D:13)
  10 komodo dragons
  Psyche (D:11)
  An efreet (D:15)
  A komodo dragon (shapeshifter) (D:15)
  A tengu conjurer (D:14)
  3 yaktaurs (D:13)
  6 trolls
  3 meliai (D:14)
  4 tarantellas (Spider:1)
  17 polar bears
  A tyrant leech (Lair:4)
  Prince Ribbit (D:8)
  30 blink frogs
  An ettin zombie (D:15)
  2 raiju (Lair:5)
  13 jumping spiders (Spider:1)
  A water elemental (D:15)
  Sigmund (D:3)
  A shadow (D:9)
  A centaur simulacrum (D:15)
  A culicivora (Spider:1)
  3 wraiths
  51 yaks
  11 wyverns
  4 vampires
  A spriggan skeleton (D:15)
  10 basilisks
  2 steam dragons
  12 redbacks
  3 vampire mosquitoes (D:14)
  3 swamp worms (Lair:4)
  6 wargs (Lair:5)
  An acid dragon (D:10)
  10 water moccasins
  16 hell hounds
  12 orc warriors
  3 ice beasts
  A black bear (shapeshifter) (D:15)
  3 boggarts (D:15)
  13 black bears
  36 wolves
  11 centaurs
  45 ogres
  13 bullfrogs
  A kobold brigand (D:11)
  3 scorpions
  17 wights
  8 killer bees (D:9)
  7 howler monkeys
  A lava snake (D:15)
  5 hounds
  A human zombie (D:4)
  2 jellies
  8 orc priests
  A gnoll bouda (D:9)
  6 iguanas
  Ijyb (D:3)
  A scorpion zombie (D:4)
  10 orc wizards
  A sleepcap (D:7)
  7 hell rats (D:14)
  A boggart skeleton (D:13)
  A hound zombie (D:4)
  2 mummies (D:4)
  5 gnolls (D:9)
  11 adders
  A shadow imp (D:5)
  A white imp (D:7)
  2 ufetubi
  3 adder zombies (D:4)
  A dart slug (D:2)
  39 orcs
  5 endoplasms (D:2)
  5 giant cockroaches
  4 goblins
  10 quokkas
  6 ball pythons
  4 bats
  4 frilled lizards (Sewer)
  8 kobolds
  4 rats
730 creatures vanquished.

Vanquished Creatures (others)
  40 fulminant prisms
  23 fungi
  43 plants
  6 withered plants (D:15)
112 creatures vanquished.

Grand Total: 842 creatures vanquished

Notes
Turn   | Place    | Note
-------+----------+-------------------------------------------
     0 | D:1      | Indoburn the Djinni Conjurer began the quest for the Orb.
     0 | D:1      | Indoburn set off with the following spells memorised: Magic
                  | Dart, Searing Ray, Dazzling Flash, Fulminant Prism,
                  | Iskenderun's Mystic Blast.
     0 | D:1      | Reached XP level 1. HP: 15/15 MP: 0/0
    57 | D:1      | Found Vyibaip's Antique Weapon Shop.
   206 | D:1      | Found Kuink's Distillery.
   218 | D:1      | Reached XP level 2. HP: 16/21 MP: 0/0
   438 | D:1      | Found Zitayss's Antique Armour Shoppe.
   891 | D:2      | Found a sacrificial altar of Ru.
   927 | D:2      | Found Gelural's Antique Weapon Emporium.
  1442 | D:2      | Reached skill level 4 in Spellcasting
  1442 | D:2      | Reached XP level 3. HP: 21/25 MP: 0/0
  1442 | D:2      | Learned a level 1 spell: Foxfire
  1854 | D:3      | Noticed Sigmund
  1862 | D:3      | Killed Sigmund
  1863 | D:3      | Reached skill level 5 in Spellcasting
  1863 | D:3      | Reached XP level 4. HP: 8/31 MP: 0/0
  1863 | D:3      | Reached XP level 5. HP: 9/35 MP: 0/0
  1863 | D:3      | Learned a level 2 spell: Ensorcelled Hibernation
  1863 | D:3      | Reached XP level 6. HP: 10/40 MP: 0/0
  2117 | D:3      | Found an iron altar of Okawaru.
  2119 | D:3      | Found a blossoming altar of Fedhas.
  2122 | D:3      | Found a stormy altar of Qazlal.
  2123 | D:3      | Found a white marble altar of Elyvilon.
  2127 | D:3      | Found a snail-covered altar of Cheibriados.
  2127 | D:3      | Found a shimmering altar of Xom.
  2128 | D:3      | Found a burning altar of Makhleb.
  2129 | D:3      | Found a hazy altar of Hepliaklqana.
  2130 | D:3      | Found an opulent altar of Gozag.
  2133 | D:3      | Became a worshipper of Makhleb the Destroyer
  2136 | D:3      | Found a bloodstained altar of Trog.
  2203 | D:3      | Noticed Ijyb
  2205 | D:3      | Paralysed by Ijyb for 2 turns
  2211 | D:3      | Killed Ijyb
  2725 | D:1      | Bought an iridescent short sword for 264 gold pieces
  2725 | D:1      | Identified the +5 short sword of Bloody Death {protect,
                  | Str+4} (You bought it in a shop on level 1 of the Dungeon)
  3005 | D:4      | Reached skill level 6 in Spellcasting
  3128 | D:4      | Reached XP level 7. HP: 41/45 MP: 0/0
  3128 | D:4      | Learned a level 3 spell: Ozocubu's Armour
  3474 | D:4      | Reached skill level 7 in Spellcasting
  3621 | D:4      | Reached * piety under Makhleb
  3738 | D:5      | Entered Level 5 of the Dungeon
  3766 | D:5      | Reached XP level 8. HP: 38/50 MP: 0/0
  3888 | D:5      | Reached skill level 1 in Fighting
  3897 | D:5      | HP: 1/52 [ice beast (19)]
  4164 | D:5      | Found the +7 staff of the Meek {protect, meekguard}
  4221 | D:5      | Found a staircase to the Ecumenical Temple.
  4633 | D:6      | Reached skill level 5 in Fighting
  4637 | D:6      | Reached XP level 9. HP: 55/66 MP: 0/0
  4637 | D:6      | Learned a level 3 spell: Mephitic Cloud
  4692 | D:6      | Found a glowing drain.
  4719 | Sewer    | Entered a sewer
  4756 | Sewer    | Reached ** piety under Makhleb
  5855 | D:6      | Found a hide-covered altar of Uskayaw.
  5958 | D:7      | Reached XP level 10. HP: 47/79 MP: 0/0
  5974 | D:7      | Reached *** piety under Makhleb
  6184 | D:7      | Reached skill level 10 in Fighting
  6604 | D:1      | Bought an encrusted scimitar for 297 gold pieces
  6604 | D:1      | Identified the +3 scimitar of the Priest {freeze, Str+6
                  | Int-2} (You bought it in a shop on level 1 of the Dungeon)
  6997 | D:8      | Noticed Prince Ribbit
  7003 | D:8      | Noticed Erica
  7007 | D:8      | Killed Prince Ribbit
  7008 | D:8      | Reached skill level 5 in Dodging
  7013 | D:8      | Killed Erica
  7619 | D:9      | Noticed a two-headed ogre
  7794 | D:9      | Killed a two-headed ogre
  7795 | D:9      | Reached XP level 11. HP: 71/85 MP: 0/0
  7795 | D:9      | Learned a level 4 spell: Animate Armour
  7798 | D:9      | Found Govoips's Antique Weapon Emporium.
  7807 | D:9      | Reached skill level 1 in Shields
  8257 | D:9      | Found Fytudop's Weapon Shop.
  8260 | D:9      | Found a staircase to the Orcish Mines.
  8570 | D:9      | Reached skill level 5 in Shields
  8760 | D:10     | Entered Level 10 of the Dungeon
  8793 | D:10     | Reached **** piety under Makhleb
  9189 | D:10     | Reached skill level 8 in Spellcasting
  9257 | D:10     | Noticed a boulder beetle
  9276 | D:10     | Killed a boulder beetle
  9329 | D:10     | Identified the +2 pair of gloves "Vyabaf" {rF+}
  9558 | D:11     | Noticed a cyclops
  9568 | D:11     | Killed a cyclops
  9600 | D:11     | Noticed a two-headed ogre
  9610 | D:11     | Killed a two-headed ogre
  9665 | D:11     | Noticed Psyche
  9669 | D:11     | Killed Psyche
  9670 | D:11     | Reached skill level 9 in Spellcasting
  9732 | D:11     | Reached XP level 12. HP: 87/91 MP: 0/0
  9946 | D:11     | Found a staircase to the Lair.
  9976 | Lair:1   | Entered Level 1 of the Lair of Beasts
  9998 | Lair:1   | Reached ***** piety under Makhleb
 10004 | Lair:1   | Noticed Maggie
 10019 | Lair:1   | Killed Maggie
 10021 | Lair:1   | Noticed Sonja
 10027 | Lair:1   | Killed Sonja
 10028 | Lair:1   | Reached skill level 10 in Spellcasting
 10778 | Lair:2   | You are sucked into a shaft and drop 2 floors!
 10782 | Lair:4   | Reached skill level 11 in Spellcasting
 10886 | Lair:4   | Reached skill level 12 in Spellcasting
 10886 | Lair:4   | Reached XP level 13. HP: 85/96 MP: 0/0
 10886 | Lair:4   | Learned a level 5 spell: Lee's Rapid Deconstruction
 10906 | Lair:4   | Found a frozen archway.
 10927 | IceCv    | Entered an ice cave
 11284 | IceCv    | Reached skill level 13 in Spellcasting
 11680 | IceCv    | Noticed a frost giant
 11707 | IceCv    | Killed a frost giant
 11867 | IceCv    | Identified the staff of poison "Inakeur" {rPois Will+}
 12012 | Lair:4   | Reached ****** piety under Makhleb
 12016 | Lair:4   | Noticed a catoblepas
 12032 | Lair:4   | Killed a catoblepas
 12033 | Lair:4   | Reached XP level 14. HP: 91/103 MP: 0/0
 12154 | Lair:3   | Found a hole to the Spider Nest.
 12444 | Lair:3   | Reached skill level 10 in Shields
 12560 | Lair:3   | Identified the +6 short sword "Liblob" {flame, rElec Will+
                  | Dex+4}
 12743 | Lair:3   | Identified a scroll of acquirement
 12757 | Lair:3   | Acquired the scarf of the Gloaming {shadows, rElec rF+ rC+
                  | Will-}
 12912 | Lair:2   | Reached skill level 1 in Armour
 12947 | Lair:2   | Found a staircase to the Shoals.
 13212 | Lair:2   | Identified the +6 flail of Regicide {holy, rN+++ Will++}
 13820 | Lair:4   | Identified the +6 scimitar of Qemi Afi {heavy, Will++
                  | Int+3}
 14435 | Lair:5   | Entered Level 5 of the Lair of Beasts
 14442 | Lair:5   | Reached skill level 14 in Spellcasting
 14546 | Lair:5   | Found a staircase to the Slime Pits.
 14547 | Lair:5   | Found a viscous altar of Jiyva.
 14898 | Lair:5   | Reached XP level 15. HP: 107/107 MP: 0/0
 14898 | Lair:5   | Learned a level 6 spell: Statue Form
 14999 | Lair:5   | Reached skill level 15 in Spellcasting
 15611 | Orc:1    | Entered Level 1 of the Orcish Mines
 15650 | Orc:1    | Noticed Maurice
 15662 | Orc:1    | Killed Maurice
 15853 | Orc:1    | Found a runed translucent door.
 15853 | Orc:1    | Noticed Raruif's ghost (journeyman KoHu)
 15951 | Orc:1    | Killed Raruif's ghost
 15957 | Orc:1    | Identified the +9 flail of the Leaping Gods {freeze, Fly
                  | rF- Dex+3}
 15975 | Orc:2    | Entered Level 2 of the Orcish Mines
 16042 | Orc:2    | Found Dyen's Book Boutique.
 16042 | Orc:2    | Found Louh's Antique Armour Emporium.
 16042 | Orc:2    | Found Huwkot's General Store.
 16042 | Orc:2    | Found Ykky's Antique Armour Shop.
 16060 | Orc:2    | Reached skill level 16 in Spellcasting
 16084 | Orc:2    | Bought a potion of heal wounds for 85 gold pieces
 16363 | Orc:2    | Found a staircase to the Elven Halls.
 16935 | D:12     | Found a portal to a secret trove of treasure.
 17025 | D:13     | Noticed Jorgrun
 17032 | D:13     | Reached XP level 16. HP: 109/113 MP: 0/0
 17037 | D:13     | Killed Jorgrun
 17179 | D:13     | Found a gate to the Vaults.
 17187 | D:13     | Reached skill level 17 in Spellcasting
 17260 | D:13     | Noticed Lodul
 17264 | D:13     | Noticed Snorg
 17265 | D:13     | Killed Lodul
 17277 | D:13     | Killed Snorg
 17851 | D:14     | Noticed Agnes
 17864 | D:14     | Killed Agnes
 18093 | D:14     | Reached skill level 18 in Spellcasting
 18447 | D:15     | Entered Level 15 of the Dungeon
 18495 | D:15     | Found a staircase to the Depths.
 18520 | D:15     | Reached XP level 17. HP: 121/121 MP: 0/0
 18520 | D:15     | Learned a level 6 spell: Simulacrum
 19042 | D:15     | Noticed Jumeycle's ghost (journeyman GrEE)
 19042 | D:15     | Noticed a lich
 19133 | D:15     | Found a runed translucent door.
 19138 | D:15     | Found a runed translucent door.
 19140 | D:15     | Noticed a tengu reaver
 20045 | D:15     | Killed a lich
 20067 | D:15     | Killed a tengu reaver
 20071 | D:15     | Killed Jumeycle's ghost
 20146 | D:15     | Identified the +0 pair of gloves of the Aged Friends {rPois
                  | rF- rC+ Slay+5}
 20370 | Spider:1 | Entered Level 1 of the Spider Nest
 21095 | Spider:1 | Slain by a culicivora

Illustrated notes

Levels and vault maps discovered:
D:1:      matt_arrival_spirals, layout_basic, serial_shops,
          nicolae_shop_statue_plus, nicolae_shop_stone, shop
D:2:      layout_loops_ring, basic_altar, serial_shops, shop
D:3:      layout_loops_ring, minitemple, serial_glass, glass_columns_a,
          glass_columns_b, item_on_display_a, item_on_display_a,
          minmay_strange_pillars, uniq_sigmund, uniq_ijyb
D:4:      minmay_general_purpose_star, layout_cave_pools,
          lemuel_mausoleum_altar_kikubaaqudgha
D:5:      layout_cave_pools, minmay_temple_entry_glassed_door,
          minmay_misc_feat_rugged
D:6:      layout_basic, general_overflow_altar, portal_sewer_entry_e,
          hangedman_decor_diamond_cutter, kennysheep_dice
D:7:      layout_cave_pools
D:8:      layout_basic, uniq_erica, uniq_prince_ribbit1
D:9:      layout_rooms, orc_david_3, serial_shops, nicolae_square_shop,
          small_statue_intersection
D:10:     layout_irregular_city, minivault_25_ag
D:11:     layout_rooms, david_lair_shrubbed, uniq_psyche
D:12:     layout_rooms, enter_trove_2, serial_aquarium, aquarium_bridge_square
          [aquarium_subvault_wall, aquarium_subvault_bridge,
          aquarium_subvault_bridge, aquarium_subvault_wall], aquarium_window_1,
          aquarium_window_2, aquarium_window_fake, aquarium_view_2b,
          aquarium_pool_four, grunt_dithmenos_shadows
D:13:     layout_basic, hangedman_vaults_entry_quadrant_bands, uniq_jorgrun,
          uniq_lodul, uniq_snorg
D:14:     layout_rooms, grunt_decor_fettered, special_room
          [special_room_mythical_zoo], grunt_ministairs_2, uniq_agnes
D:15:     gammafunk_depths_entry_grave, layout_grid_maze,
          nicolae_lava_and_water, muffindrake_ghost_dual_entry
Lair:1:   layout_long_grid, uniq_sonja, uniq_maggie
Lair:2:   layout_regular_city, shoals_dummy_entry, serial_bayou_pond_c,
          grunt_megastairs_1
Lair:3:   layout_long_grid, spider_nest_entry_webs, small_statue_intersection
Lair:4:   layout_hall_layers, portal_ice_cave_entry_pillars_2,
          bh_autumn_forest_stairs, worms_lemuel
Lair:5:   hangedman_lair_caniforms_friends, layout_regular_city, slime_entry_1
Spider:1: nicolae_spider_brood_tunnel, drop_trap, nicolae_spider_world_wide_web
Orc:1:    layout_caves, gammafunk_ghost_grave, okawaru_metal_pillars_3,
          uniq_erolcha, uniq_maurice, uniq_harold
Orc:2:    st_orc_ogre_mass, layout_caves

Skill      XL: |  1  2  3  4  5  6  7  8  9 10 11 12 13 14 15 16 17 |
---------------+----------------------------------------------------+-----
Spellcasting   | 4 5 6 7 9 12 13 14 16 18 | 18.0
Fighting       | 5 9 10 11 14 | 14.3
Dodging        | 9 |  9.4
Shields        | 5 8 10 | 10.7
Armour         | 4 |  4.5
Stealth        | |  1.5

Action                     |  1- 3 |  4- 6 |  7- 9 | 10-12 | 13-15 | 16-18 || total
---------------------------+-------+-------+-------+-------+-------+-------++-------
  Melee: Short sword       |       |       |       |     2 |     9 |       ||    11
         Flail             |       |       |       |       |     6 |    11 ||    17
   Cast: Magic Dart        |    45 |    22 |    72 |     7 |       |       ||   146
         Searing Ray       |     6 |    12 |    56 |    23 |       |       ||    97
         Iskenderun's Myst |       |       |    17 |   203 |   460 |   330 ||  1010
         Fulminant Prism   |       |       |       |    21 |    12 |     7 ||    40
         Statue Form       |       |       |       |       |       |     5 ||     5
         Mephitic Cloud    |       |       |       |       |       |     1 ||     1
    Use: Scroll            |       |       |     9 |    13 |    14 |     1 ||    37
         Potion            |       |       |     2 |     1 |       |       ||     3
 Armour: Robe              |     2 |     1 |    15 |     1 |     2 |       ||    21
         Steam dragon scal |       |       |       |     4 |       |       ||     4
         Troll leather arm |       |       |       |     9 |    22 |    31 ||    62
         Skin              |       |       |       |       |       |    15 ||    15
  Dodge: Dodged            |     6 |    10 |    49 |    66 |    65 |    90 ||   286
  Block: Buckler           |       |       |       |    13 |     5 |       ||    18
         Tower shield      |       |       |       |       |    89 |   175 ||   264

Table legend: (Time is in decaauts)
 A = Elapsed time spent in this place.
 B = Non-inter-level travel time spent in this place.
 C = Inter-level travel time spent in this place.
 D = Time resting spent in this place.
 E = Time spent auto-exploring this place.
 F = Levels seen in this place.
 G = Mean time per level.
                   A        B        C        D        E       F      G
               +--------+--------+--------+--------+--------+-----+--------+
         Total |  21269 |  19901 |   1368 |   1022 |  15049 |  25 |  850.8 |
       Dungeon |  13742 |  12735 |   1007 |    909 |   9732 |  15 |  916.1 |
          Lair |   4552 |   4225 |    327 |      0 |   3185 |   5 |  910.4 |
   Spider Nest |    736 |    736 |      0 |      0 |    525 |   1 |  736.0 |
  Orcish Mines |    890 |    857 |     33 |      0 |    694 |   2 |  445.0 |
         Sewer |    301 |    301 |      0 |      0 |    221 |   1 |  301.0 |
      Ice Cave |   1045 |   1045 |      0 |    113 |    692 |   1 | 1045.0 |
               +--------+--------+--------+--------+--------+-----+--------+

Top non-repeatable levels by time:
    D:15: 1927 daAuts
     D:8: 1229 daAuts
  Lair:4: 1077 daAuts
     D:6: 1064 daAuts
   IceCv: 1045 daAuts
  Lair:5: 1045 daAuts
     D:4: 1028 daAuts
     D:3: 949 daAuts
     D:1: 949 daAuts
     D:9: 925 daAuts
     D:2: 891 daAuts
    D:10: 856 daAuts
  Lair:2: 829 daAuts
     D:5: 810 daAuts
  Lair:1: 805 daAuts
